 Dungeon Crawl Stone Soup version 0.25.0-9-g26727b657a (webtiles) character file.

Game seed: 17625402159025961762

12418 mopl the Fighter (level 11, -5/136 HPs)
             Began as a Demonspawn Wanderer on June 16, 2020.
             Was an Elder of Makhleb.
             Slain by an orc warrior
             ... wielding a +1 glaive of pain
             ... led by an orc knight
              (11 damage)
             ... on level 1 of the Orcish Mines.
             The game lasted 00:24:12 (11270 turns).

mopl the Fighter (Demonspawn Wanderer)             Turns: 11270, Time: 00:24:13

Health: -5/136     AC: 26    Str: 19    XL:     11   Next: 62%
Magic:  16/16      EV: 13    Int: 15    God:    Makhleb [****..]
Gold:   910        SH:  0    Dex: 11    Spells: 12/12 levels left

rFire    . . .     SeeInvis +   a - +0 battleaxe (drain)
rCold    . . .     Gourm    .   (shield currently unavailable)
rNeg     . . .     Faith    .   R - +0 plate armour
rPois    .         Spirit   .   z - +2 helmet {Int+3}
rElec    +         Reflect  .   F - scarf {+Inv}
rCorr    .         Harm     .   I - +0 pair of gloves
MR       .....                  j - +0 pair of boots
Stlth    ..........             V - amulet of the Air {Inacc +Fly rElec EV+5 RMsl}
HPRegen  0.32/turn              G - ring of see invisible
MPRegen  0.15/turn              x - +4 ring of protection

@: berserking, repel missiles, very quick
A: claws 1, thin metallic scales 2, foul stench 1, rot immunity
a: Minor Destruction, Lesser Servant of Makhleb, Major Destruction, Renounce
Religion, Evoke Invisibility, Evoke Flight


You were on level 1 of the Orcish Mines.
You worshipped Makhleb.
Makhleb was greatly pleased with you.
You were not hungry.

You visited 4 branches of the dungeon, and saw 14 of its levels.
You also visited: Sewer and Ossuary.

You collected 1126 gold pieces.
You spent 216 gold pieces at shops.

Inventory:

Hand Weapons
 a - a +0 battleaxe of draining (weapon)
 b - a +2 short sword of electrocution
 N - a +1 spear of venom
Missiles
 o - 2 throwing nets
 O - 4 javelins
 T - 21 poisoned darts (quivered)
 U - 2 atropa-tipped darts
 W - 10 boomerangs
Armour
 j - a +0 pair of boots (worn)
 q - a +3 ring mail of poison resistance
 z - a +2 helmet of intelligence (worn)
 F - a scarf of invisibility (worn)
 I - a +0 pair of gloves (worn)
 R - a +0 plate armour (worn)
Jewellery
 f - an uncursed ring of resist corrosion
 x - a +4 ring of protection (right hand)
 G - a ring of see invisible (left hand)
 V - the amulet of the Air (around neck) {Inacc +Fly rElec EV+5 RMsl}
   (You found it on level 10 of the Dungeon)

   [amulet of inaccuracy]

   It reduces the accuracy of all your attacks.
   It affects your evasion (+5).
   It insulates you from electricity.
   It lets you fly.
   It protects you from missiles.
Wands
 g - a wand of digging (2)
 H - a wand of clouds (8)
 L - a wand of flame (19)
 S - a wand of iceblast (5)
Scrolls
 d - 9 scrolls of teleportation
 k - 9 scrolls of remove curse
 m - 4 scrolls of enchant weapon {unknown}
 n - 3 scrolls of blinking {unknown}
 p - 3 scrolls of fear
 s - 2 scrolls of fog {unknown}
 v - 2 scrolls of magic mapping {unknown}
 C - 4 scrolls of identify
 E - a scroll of immolation
Potions
 e - a potion of flight
 h - 6 potions of stabbing
 i - 8 potions of curing
 r - 7 potions of haste
 t - a potion of heal wounds
 w - 2 potions of invisibility
 A - a potion of cancellation
 D - a potion of berserk rage
 J - a potion of magic
 M - a potion of ambrosia
Comestibles
 c - 38 rations
 l - 3 chunks of flesh


   Skills:
 + Level 10.3 Fighting
 * Level 7.3 Axes
   Level 3.1 Crossbows
 + Level 7.1 Armour
 + Level 7.1 Dodging
   Level 1.0 Shields
 - Level 1.0 Spellcasting
   Level 1.7 Charms
 + Level 7.1 Invocations
 - Level 5.0 Evocations


You had 12 spell levels left.
You didn't know any spells.
Your spell library was empty.

Dungeon Overview and Level Annotations

Branches:
Dungeon (11/15)            Temple (1/1) D:5            Lair (1/6) D:8
    Orc (1/2) D:10          Sewer (visited)         Ossuary (visited)

Altars:
Ashenzari
Cheibriados
Dithmenos
Elyvilon
Makhleb
Nemelex Xobeh
Okawaru
Qazlal
Ru
Trog
Vehumet
Wu Jian
Zin
The Shining One

Shops:
D:6 *   Orc:1 (


Innate Abilities, Weirdness & Mutations

You have sharp fingernails.
You are mostly covered in thin metallic scales. (AC +3)
You may emit foul miasma when damaged in melee.
You are immune to rotting.


Message History

You kill the orc!
Makhleb accepts your kill.
You feel better.
Your plate armour prevents you from hitting the orc knight.
The warg closely misses you.
The orc warrior hits you but does no damage.
The orc warrior hits you from afar with a +0 trident.
* * * LOW HITPOINT WARNING * * *
The orc warrior closely misses you. The orc knight barely misses you.
Unknown command.
You closely miss the orc warrior.
The orc warrior is heavily wounded.
You miss the orc warrior. You miss the orc knight. You closely miss the warg.
The warg closely misses you. The orc warrior completely misses you.
The orc warrior misses you.
The orc warrior is engulfed in dark miasma.
The orc warrior looks even sicker.
The orc warrior hits you but does no damage.
The orc warrior hits you from afar with a +1 glaive of pain!
You die...

### ### ######
#.#####.###.##.## #### #
...##....#......##.#.#..
#.......##..............
##.##.###....♣....$.....
.......#...♣.∩.♣.oo.....
........#....♣.)oho.....
................@o...>..
..##....#......[ooo...$.
).......................
........................
.........#.....#.......#
.........#..............
.#......##.........#....
...>.....#.$............
.........##.....#..


You could see an orc knight, a warg (sick, drained), 5 orc warriors, an orc
priest and an orc.

Vanquished Creatures
  Harold (D:10)
  A hydra (D:11)
  An unseen horror (D:11)
  A manticore (D:11)
  A cyclops (D:11)
  Maurice (D:11)
  Joseph (D:8)
  A hornet (D:11)
  A troll (D:10)
  A vampire (D:11)
  Sigmund (D:5)
  A wraith (Ossuary)
  A shadow (D:11)
  4 hogs (D:8)
  A human (D:8)
  11 yaks
  Menkaure (D:5)
  A water moccasin (Lair:1)
  Duvessa (D:5)
  7 orc warriors
  3 ice beasts (D:10)
  A black bear (D:9)
  Purgy (Sewer)
  4 phantoms
  A necrophage (D:11)
  2 sky beasts
  4 ogres
  10 centaurs
  A crocodile (Lair:1)
  3 big kobolds
  2 bullfrogs
  A gnoll sergeant (D:8)
  A scorpion (D:10)
  Dowan (D:5)
  2 howler monkeys
  3 jellies
  An electric eel (Lair:1)
  5 crimson imps
  2 centaur zombies
  8 hounds
  14 orc priests
  9 orc wizards
  3 bullfrog skeletons
  An iguana (D:7)
  4 worker ants
  3 mummies (Ossuary)
  13 adders
  6 gnolls
  A shadow imp (D:7)
  An ooze (D:4)
  2 adder skeletons
  A worm (D:3)
  2 dart slugs
  6 leopard geckos
  33 orcs
  4 ball pythons
  7 bats
  6 giant cockroaches
  7 goblins
  8 hobgoblins
  21 jackals
  24 kobolds
  7 quokkas
  9 frilled lizards
  4 goblin zombies (Ossuary)
  4 hobgoblin zombies (Ossuary)
  A kobold zombie (Ossuary)
  A leopard gecko skeleton (D:4)
  9 rats
306 creatures vanquished.

Notes
Turn   | Place    | Note
-------+----------+-------------------------------------------
     0 | D:1      | mopl the Demonspawn Wanderer began the quest for the Orb.
     0 | D:1      | mopl set off with the following items: a +2 hand crossbow,
                  | 27 bolts, a +0 ring mail, a scroll of teleportation, a
                  | ration
     0 | D:1      | Reached XP level 1. HP: 16/16 MP: 2/2
   106 | D:1      | Gained mutation: You are immune to rotting. [demonic
                  | ancestry]
   106 | D:1      | Reached XP level 2. HP: 15/23 MP: 3/3
   409 | D:1      | Reached XP level 3. HP: 28/28 MP: 4/4
   485 | D:1      | Reached skill level 3 in Fighting
   918 | D:2      | Gained mutation: You are partially covered in thin metallic
                  | scales. (AC +2) [demonic ancestry]
   918 | D:2      | Reached XP level 4. HP: 13/35 MP: 5/5
  1740 | D:3      | Reached skill level 4 in Fighting
  2067 | D:3      | Found a glowing drain.
  2079 | Sewer    | Entered a sewer
  2155 | Sewer    | Noticed Purgy
  2164 | Sewer    | Killed Purgy
  2164 | Sewer    | Reached skill level 5 in Fighting
  2164 | Sewer    | Reached XP level 5. HP: 34/44 MP: 6/6
  2550 | D:4      | Noticed a phantom
  2576 | D:4      | Reached XP level 6. HP: 25/51 MP: 7/7
  2777 | D:4      | Reached skill level 6 in Fighting
  3443 | D:4      | Reached XP level 7. HP: 13/59 MP: 8/8
  3790 | D:4      | Reached skill level 1 in Dodging
  3891 | D:4      | Reached skill level 7 in Fighting
  4177 | D:5      | Entered Level 5 of the Dungeon
  4181 | D:5      | Noticed Dowan
  4186 | D:5      | Killed Dowan
  4202 | D:5      | Noticed Duvessa
  4216 | D:5      | Killed Duvessa
  4465 | D:5      | Noticed Sigmund
  4473 | D:5      | Killed Sigmund
  4501 | D:5      | Found a bloodstained altar of Trog.
  4534 | D:5      | Gained mutation: You may emit foul miasma when damaged in
                  | melee. [demonic ancestry]
  4534 | D:5      | Reached XP level 8. HP: 66/68 MP: 9/9
  4746 | D:5      | Noticed Menkaure
  4751 | D:5      | Killed Menkaure
  4751 | D:5      | Reached skill level 8 in Fighting
  4765 | D:5      | Found a staircase to the Ecumenical Temple.
  4775 | Temple   | Entered the Ecumenical Temple
  4805 | Temple   | Became a worshipper of Makhleb the Destroyer
  5014 | D:6      | Found Iciareti's Assorted Antiques.
  5022 | D:6      | Bought a scroll labeled KAXIG QIDDOF for 27 gold pieces
  5022 | D:6      | Bought a scroll labeled KAXIG QIDDOF for 27 gold pieces
  5022 | D:6      | Bought 3 scrolls of identify for 162 gold pieces
  5215 | D:6      | Found an iron altar of Okawaru.
  5609 | D:7      | Reached * piety under Makhleb
  5624 | D:7      | Found a white marble altar of Elyvilon.
  5648 | D:7      | Found a sand-covered staircase.
  5653 | Ossuary  | Entered an ossuary
  5941 | Ossuary  | Gained mutation: You are mostly covered in thin metallic
                  | scales. (AC +3) [demonic ancestry]
  5941 | Ossuary  | Reached XP level 9. HP: 53/75 MP: 10/10
  6493 | D:8      | Found a staircase to the Lair.
  6524 | D:8      | Noticed Joseph
  6539 | D:8      | Killed Joseph
  6539 | D:8      | Reached skill level 1 in Axes
  6539 | D:8      | Reached skill level 5 in Armour
  6539 | D:8      | Reached skill level 1 in Invocations
  6680 | D:8      | Reached skill level 5 in Dodging
  6855 | D:8      | Reached skill level 9 in Fighting
  7002 | D:8      | Found a sacrificial altar of Ru.
  7144 | D:9      | Got a crude dagger
  7145 | D:9      | Identified the +4 dagger "Paonaepu" {flame, rElec Str+2}
                  | (You found it on level 9 of the Dungeon)
  7161 | D:9      | Found a radiant altar of Vehumet.
  7161 | D:9      | Found a white marble altar of Elyvilon.
  7161 | D:9      | Found a sparkling altar of Nemelex Xobeh.
  7184 | D:9      | Reached ** piety under Makhleb
  7405 | D:9      | Found a shattered altar of Ashenzari.
  7439 | D:9      | Gained mutation: You have sharp fingernails. [demonic
                  | ancestry]
  7439 | D:9      | Reached XP level 10. HP: 66/83 MP: 12/12
  7599 | D:9      | Found a shadowy altar of Dithmenos.
  7799 | D:10     | Entered Level 10 of the Dungeon
  7799 | D:10     | Found a staircase to the Orcish Mines.
  7942 | D:10     | Found the amulet of the Air {Inacc +Fly rElec EV+5 RMsl}
  8996 | D:11     | Noticed a manticore
  9024 | D:11     | Killed a manticore
  9024 | D:11     | Reached skill level 5 in Axes
  9024 | D:11     | Reached skill level 5 in Invocations
  9028 | D:11     | Reached *** piety under Makhleb
  9156 | D:11     | Noticed a cyclops
  9200 | D:11     | Killed a cyclops
  9366 | D:11     | Reached skill level 5 in Evocations
  9439 | D:11     | Noticed a six-headed hydra
  9458 | D:11     | Killed a six-headed hydra
  9458 | D:11     | Reached XP level 11. HP: 77/90 MP: 15/15
  9618 | D:11     | Reached skill level 10 in Fighting
  9654 | D:11     | Noticed an unseen horror
  9679 | D:11     | Killed an unseen horror
  9926 | D:11     | Noticed Maurice
  9941 | D:11     | Killed Maurice
 10023 | Lair:1   | Entered Level 1 of the Lair of Beasts
 10875 | Orc:1    | Entered Level 1 of the Orcish Mines
 10938 | Orc:1    | Noticed Harold
 10972 | D:10     | Killed Harold
 11122 | Orc:1    | Reached **** piety under Makhleb
 11242 | Orc:1    | Found Kiew's Weapon Shop.
 11253 | Orc:1    | Noticed an orc knight
 11269 | Orc:1    | HP: 6/136 [orc warrior/+0 trident (6)]
 11270 | Orc:1    | Slain by an orc warrior

Illustrated notes

Levels and vault maps discovered:
D:1:      scummos_arrival_star, layout_basic, minivault_11
D:2:      layout_basic
D:3:      layout_basic, cheibrodos_sewer_entry_bend, first_ration,
          nrook_mini_backslash
D:4:      layout_basic
D:5:      layout_cave_pools, kennysheep_mini, minmay_temple_entry_purple_smoke,
          uniq_menkaure, uniq_duvessa, uniq_sigmund
D:6:      layout_rooms, okawaru_trees_2, serial_shops,
          nicolae_shop_overgrown_old_shop
D:7:      layout_basic, nicolae_ossuary_entry_false_entrances, basic_altar
D:8:      layout_basic, nicolae_ru_the_path_less_chosen, dpeg_oklobed_lair,
          grunt_livestock, uniq_joseph
D:9:      layout_roguey, chequers_temple_overflow_statue_of_worship,
          ashenzari_altar_1, basic_altar, minmay_misc_feat_tower
D:10:     layout_long_grid, orc_0_dummy
D:11:     layout_roguey, uniq_maurice
Temple:   bh_familiar_temple
Lair:1:   layout_loops_ring, lemuel_fruit_tree, infiniplex_staircase_pool,
          grunt_megastairs_3
Orc:1:    layout_caves, serial_shops, nicolae_shop_trees, ebering_ghost_xom,
          uniq_harold, uniq_fannar

Skill      XL: |  1  2  3  4  5  6  7  8  9 10 11 |
---------------+----------------------------------+-----
Crossbows      | 2 3 |  3.1
Fighting       | 3 5 6 7 8 9 10 | 10.3
Dodging        | 3 4 5 6 7 |  7.1
Armour         | 3 4 5 6 7 |  7.1
Evocations     | 2 3 5 |  5.0
Axes           | 3 6 7 |  7.3
Invocations    | 3 5 7 |  7.1
Shields        | |  1.0
Spellcasting   | |  1.0
Charms         | |  1.7

Action                   |  1- 3 |  4- 6 |  7- 9 | 10-12 || total
-------------------------+-------+-------+-------+-------++-------
Melee: Spear             |       |   338 |   180 |   738 ||  1256
       Short sword       |       |       |   310 |    66 ||   376
       Battleaxe         |       |       |       |    63 ||    63
 Fire: Hand crossbow     |   107 |    25 |     6 |       ||   138
Throw: Dart              |       |       |       |     1 ||     1
 Abil: Evoke Invisibilit |       |       |       |     1 ||     1
Evoke: Wand              |       |       |       |     3 ||     3
  Use: Scroll            |       |     5 |     9 |     7 ||    21
       Potion            |       |     1 |       |     2 ||     3
 Stab: Invisible         |       |       |       |     4 ||     4
  Eat: Chunk             |       |     7 |    15 |    15 ||    37
Armor: Ring mail         |    17 |    26 |       |       ||    43
       Chain mail        |       |   251 |   366 |       ||   617
       Plate armour      |       |       |    15 |   491 ||   506
Dodge: Dodged            |    21 |   154 |   213 |   527 ||   915
       Repelled          |       |       |       |    17 ||    17
